 Dungeon Crawl Stone Soup version 0.32-a0-12-g7fc57aa741 (webtiles) character file.

Game seed: 15921095650420193190

16 bmb222 the Ruffian (level 2, -13/18 HPs)
             Began as an Octopode Shapeshifter on Jan 14, 2024.
             Mangled by Terence
             ... wielding a +4 heavy flail
              (15 damage)
             ... on level 2 of the Dungeon.
             The game lasted 00:00:29 (750 turns).

bmb222 the Ruffian (Octopode Shapeshifter)           Turns: 750, Time: 00:00:30

Health: -13/18     AC:  1    Str: 13    XL:     2   Next: 58%
Magic:  2/2        EV: 13    Int: 12    God:
Gold:   52         SH:  0    Dex: 11    Spells: 1/1 levels left

rFire   . .          .
                       - Unarmed
rCold   . . .        (no shield)
rNeg    . . .        (helmet currently unavailable)
rPois   .            (no amulet)
rElec   .            (no ring)
rCorr   .            (no ring)
SInv    .            (no ring)
Will    .....        (no ring)
Stlth   ++           (no ring)
HPRegen 0.23/turn    (no ring)
MPRegen 0.08/turn    (no ring)
                     (no ring)

%: no passive effects
@: beast-form
A: beast (slay +1), almost no armour, amphibious, 8 rings, camouflage 1,
gelatinous body 1, (nimble swimmer 1), tentacles
a: Begin Untransformation


You were on level 2 of the Dungeon.
You were a hulking beast.
You visited 1 branch of the dungeon, and saw 2 of its levels.

You collected 52 gold pieces.

Inventory:

Missiles
 f - a throwing net (quivered)
Talismans
 b - a beast talisman
 c - a flux talisman
Scrolls
 d - a scroll of identify {unknown}
 g - 2 scrolls of revelation {unknown}
 h - a scroll of teleportation {unknown}
Potions
 a - a potion of lignification
 e - a potion of haste {unknown}


   Skills:
 + Level 1.3 Fighting
 + Level 2.2 Dodging
 + Level 1.0 Stealth
 + Level 3.1 Unarmed Combat
 + Level 3.1 Shapeshifting


You had one spell level left.
You didn't know any spells.
Your spell library contained the following spells:

 Spells                   Type           Power      Damage    Failure   Level
 Call Canine Familiar     Summ           0%         N/A       69%         3
 Sigil of Binding         Hex            0%         N/A       69%         3
 Dimensional Bullseye     Hex/Tloc       0%         N/A       97%         4


Dungeon Overview and Level Annotations

Branches:
Dungeon (2/15)

Altars:

Annotations:
D:2 Terence


Innate Abilities, Weirdness & Mutations

You are a hulking beast.
Your limbs bulge with bestial killing power. (Slay +1)
You cannot wear most types of armour.
You are amphibious.
You can wear up to eight rings at the same time.
Your skin changes colour to match your surroundings (Stealth+).
Your rubbery body absorbs attacks. (AC +1, EV +1)
((You are camouflaged when in or above water. (Stealth+)))
You have tentacles for arms and can constrict up to eight enemies at once.


Message History

An endoplasm is nearby!
An endoplasm is nearby!
An endoplasm is nearby!
An endoplasm is nearby!
An endoplasm is nearby!
An endoplasm is nearby!
The endoplasm quivers.
The endoplasm closely misses you.
You tentacle-slap the endoplasm.
You kill the endoplasm!
Terence the Incautious comes into view.
He is wielding a +4 heavy flail.
You aren't carrying any pieces of jewellery.
The helpless Terence fails to defend himself.
You tentacle-slap Terence but do no damage.
Your grab misses Terence. You completely miss Terence.
Your grab misses Terence. Terence barely misses you.
You tentacle-slap Terence. Your grab misses Terence.
Terence is moderately wounded.
Terence says, "Don't bother to defend, it's useless."
Terence hits you with a +4 heavy flail!
Ouch! That really hurt!
* * * LOW HITPOINT WARNING * * *
You are too injured to fight recklessly!
You are too injured to fight recklessly!
You tentacle-slap Terence but do no damage.
You grab Terence. You squeeze Terence, but do no damage.
Terence is moderately wounded.
You constrict Terence, but do no damage.
You tentacle-slap Terence. You squeeze Terence, but do no damage.
Terence is moderately wounded.
You constrict Terence, but do no damage.
Terence closely misses you.
You tentacle-slap Terence. x2
Terence is severely wounded.
You constrict Terence, but do no damage.
Terence hits you with a +4 heavy flail!
Ouch! That really hurt!
You die...
Terence says, "Rest in peace."

#### ############ ..#
#..........# #@#
#.########.#
######h####.########.##
........................
#######.................
#.####.....####.## ...#
#.......###.## ###.#
#...........## #.#
#......<##.... #.#
##.....####.## ..
#..........##


You could see Terence.

Vanquished Creatures
  2 bats (D:1)
  3 endoplasms
  3 goblins (D:1)
  A hobgoblin (D:1)
  4 kobolds (D:1)
  2 ball pythons (D:1)
15 creatures vanquished.

Notes
Turn   | Place    | Note
-------+----------+-------------------------------------------
     0 | D:1      | bmb222 the Octopode Shapeshifter began the quest for the
                  | Orb.
     0 | D:1      | Reached XP level 1. HP: 13/13 MP: 1/1
   272 | D:1      | Reached XP level 2. HP: 18/18 MP: 2/2
   592 | D:1      | Reached skill level 1 in Stealth
   742 | D:2      | Noticed Terence
   750 | D:2      | Mangled by Terence

Illustrated notes

Levels and vault maps discovered:
D:1:      heliophobic_arrival_ceremonial_halls, layout_loops_ring,
          minmay_pentomino_x2
D:2:      layout_loops_ring, uniq_terence

Skill      XL: |  1  2 |
---------------+-------+-----
Stealth        | 1 |  1.0
Fighting       | |  1.3
Dodging        | |  2.2
Unarmed Combat | |  3.1
Shapeshifting  | |  3.1

Action                     || total
---------------------------++-------
  Melee: Unarmed           ||    37
         Tentacles         ||     8
         Constrict         ||     8
         Punch             ||     1
   Stab: Sleeping          ||     4
 Armour: Skin              ||    11
  Dodge: Dodged            ||    16

Table legend: (Time is in decaauts)
 A = Elapsed time spent in this place.
 B = Non-inter-level travel time spent in this place.
 C = Inter-level travel time spent in this place.
 D = Time resting spent in this place.
 E = Time spent auto-exploring this place.
 F = Levels seen in this place.
 G = Mean time per level.
                   A        B        C        D        E       F      G
               +--------+--------+--------+--------+--------+-----+--------+
         Total |    747 |    738 |      9 |      0 |    636 |   2 |  373.5 |
       Dungeon |    747 |    738 |      9 |      0 |    636 |   2 |  373.5 |
               +--------+--------+--------+--------+--------+-----+--------+

Top non-repeatable levels by time:
     D:1: 683 daAuts
     D:2: 64 daAuts
